 Dungeon Crawl Stone Soup version 0.21.1-1-g345015f (webtiles) character file.

6 inc the Chiller (level 1, 0/11 HPs)
             Began as an Octopode Ice Elementalist on June 13, 2018.
             Slain by a hobgoblin
             ... wielding a +0 club
              (5 damage)
             ... on level 1 of the Dungeon.
             The game lasted 00:00:19 (163 turns).

inc the Chiller (Octopode Ice Elementalist)          Turns: 163, Time: 00:00:20

Health: 0/11       AC:  1    Str:  7    XL:     1   Next: 90%
Magic:  3/3        EV: 13    Int: 17    God:
Gold:   0          SH:  0    Dex: 12    Spells: 3/4 levels left

rFire    . . .     SeeInvis .     - Unarmed
rCold    . . .     Gourm    .   (no shield)
rNeg     + . .     Faith    .   (helmet restricted)
rPois    .         Spirit   .   (no amulet)
rElec    .         Reflect  .   c - ring of positive energy
rCorr    .         Harm     .   (no ring)
MR       .....                  (no ring)
Stlth    +++.......             (no ring)
HPRegen  0.03/turn              (no ring)
MPRegen  0.08/turn              (no ring)
                                (no ring)
                                (no ring)

@: no status effects
A: almost no armour, stealthy swim, amphibious, 8 rings, constrict 8, camouflage
1, gelatinous body 1
a: no special abilities


You were on level 1 of the Dungeon.
You were not hungry.

You visited 1 branch of the dungeon, and saw 1 of its levels.

Inventory:

Jewellery
 c - a ring of positive energy (left tentacle)
Scrolls
 d - a scroll of identify {unknown}
 f - a scroll of immolation {unknown}
Potions
 e - a potion of curing {unknown}
Books
 a - a book of Frost

   Spells                             Type                      Level
   a - Freeze                         Ice                          1
   b - Throw Frost                    Conjuration/Ice              2
   c - Ozocubu's Armour               Charms/Ice                   3
   d - Throw Icicle                   Conjuration/Ice              4
   e - Summon Ice Beast               Ice/Summoning                4
Comestibles
 b - 2 rations


   Skills:
 - Level 2.0 Dodging
 - Level 2.6 Stealth
 + Level 1.4 Unarmed Combat
 - Level 2.0 Spellcasting
   Level 1.0 Conjurations
 - Level 3.0 Ice Magic


You had 3 spell levels left.
You knew the following spells:

 Your Spells              Type           Power        Failure   Level  Hunger
a - Freeze                Ice            ##..         5%          1    #......


Dungeon Overview and Level Annotations

Branches:
Dungeon (1/15)

Altars:


Innate Abilities, Weirdness & Mutations

You cannot wear most types of armour.
You are very stealthy in the water. (Stealth+)
You are amphibious.
You can wear up to eight rings at the same time.
You can use your tentacles to constrict eight enemies at once.
Your skin changes colour to match your surroundings (Stealth+).
Your rubbery body absorbs attacks. (AC +1, EV +1)


Message History

You grab the goblin.
You constrict the goblin, but do no damage.
The goblin barely misses you.
You barely miss the goblin.
You squeeze the goblin, but do no damage.
You constrict the goblin. The goblin closely misses you.
You tentacle-slap the goblin but do no damage.
The goblin is moderately wounded.
You constrict the goblin, but do no damage.
The giant cockroach closely misses you. The hobgoblin barely misses you.
The goblin hits you with a dagger of protection.
You are too injured to fight recklessly!
There are monsters nearby!
You are too injured to fight recklessly!
Unknown command.
You closely miss the giant cockroach. Your grab misses the giant cockroach.
You constrict the goblin.
The giant cockroach completely misses you.
The goblin completely misses you. The hobgoblin hits you with a club.
You die...

..##...#####........+
..##...# #......#
..##...# ####......####
..##...####.............
..##..>...'.............
####.#.####...........[.
#.#.# #..............
#.#.###.......g......
#.#..........@s......
..###.......g.....( #.#
#.............. #.
#..............
.........#######
#.#........ #.##########


You could see a giant cockroach, a hobgoblin and a goblin.

Vanquished Creatures
  A giant cockroach (D:1)
  A goblin (D:1)
  A hobgoblin (D:1)
  2 bats (D:1)
  A rat (D:1)
6 creatures vanquished.

Notes
Turn   | Place    | Note
-------+----------+-------------------------------------------
     0 | D:1      | inc the Octopode Ice Elementalist began the quest for the Orb.
     0 | D:1      | Reached XP level 1. HP: 11/11 MP: 3/3
    99 | D:1      | Reached skill level 1 in Unarmed Combat
   163 | D:1      | Slain by a hobgoblin

Skill      XL: |  1 |
---------------+----+-----
Unarmed Combat | 1 |  1.4
Dodging        | |  2.0
Stealth        | |  2.6
Spellcasting   | |  2.0
Conjurations   | |  1.0
Ice Magic      | |  3.0

Action                   || total
-------------------------++-------
Melee: Unarmed           ||    24
       Constrict         ||     6
       Tentacles         ||     4
 Stab: Sleeping          ||     4
Armor: Skin              ||     2
Dodge: Dodged            ||    24
